Map: [ESL] Gresvan

Players

SpeCial - Winner!

  • Race: Terran Terran
  • Spawn Location: 11:00

Ukko

  • Race: Zerg Zerg
  • Spawn Location: 5:00

Event: ESL SC2 Masters 2023 Summer (Regionals)

VOD

Have the link to the VOD?

Description

Time

  • Played on: May 2, 2023, 1:57 p.m.
  • Length: 8:37

All games in this series

Show
View Real Time Build Order
Export as new Build Order

SpeCial Terran - Winner!

Build Orders:  

Get SALT Encoding   

  12  0:00  SCV  
  13  0:12  SCV  
  14  0:17  Supply Depot  
  14  0:24  SCV  
  15  0:39  SCV  
  15  0:41  Barracks  
  16  0:44  Refinery  
  16  0:51  SCV  
  17  1:03  SCV  
  18  1:15  SCV  
  19  1:27  Orbital Command  
  19  1:35  Command Center  
  19  1:47  Factory  
  19  1:48  Marine  
  19  1:53  SCV  
  21  2:06  SCV  
  22  2:08  Barracks Reactor  
  22  2:10  Supply Depot  
  22  2:13  Refinery  
  22  2:18  SCV  
  23  2:31  SCV  
  23  2:33  Hellion  
  26  2:42  Starport  
  26  2:43  SCV  
  27  2:45  Marine x2  
  27  2:48  Orbital Command  
  29  2:56  Widow Mine, SCV  
  32  3:05  Marine x2  
  34  3:08  SCV, Supply Depot  
  35  3:13  SCV  
  35  3:19  Medivac  
  38  3:21  SCV  
  38  3:26  SCV  
  40  3:32  Hellion x2  
  44  3:34  Fusion Core  
  44  3:38  Supply Depot  
  44  3:40  SCV  
  45  3:42  SCV  
  46  3:49  Starport Tech Lab  
  46  3:52  SCV  
  46  3:54  SCV  
  48  3:59  Hellion x2  
  52  4:03  Supply Depot  
  52  4:04  SCV  
  52  4:06  SCV  
  54  4:21  Command Center  
  54  4:22  SCV  
  54  4:23  SCV  
  56  4:36  Supply Depot  
  56  4:37  Battlecruiser  
  62  4:39  SCV x2  
  64  4:51  Hellion x2  
  64  4:52  SCV  
  67  4:53  SCV  
  68  5:04  SCV  
  68  5:05  SCV  
  70  5:09  Supply Depot  
  70  5:15  Refinery  
  70  5:16  Hellion x2, Refinery, SCV  
  70  5:20  SCV  
  76  5:28  SCV  
  76  5:32  Factory  
  76  5:33  SCV, Factory  
  76  5:35  Orbital Command  
  78  5:36  Supply Depot  
  78  5:41  SCV  
  75  5:45  SCV  
  72  5:53  SCV, Hellion  
  72  5:54  Hellion  
  72  5:55  Orbital Command  
  77  5:57  SCV, Battlecruiser  
  83  6:05  SCV  
  83  6:09  SCV  
  83  6:15  Hellion x2  
  83  6:17  SCV  
  82  6:22  Factory Tech Lab x2  
  82  6:23  SCV x2  
  80  6:27  Weapon Refit  
  80  6:29  SCV  
  81  6:35  SCV x2  
  81  6:39  Hellion x2  
  87  6:41  SCV, Refinery  
  87  6:43  Refinery  
  87  6:45  Cyclone  
  87  6:46  Cyclone  
  94  6:47  SCV x2, Supply Depot  
  94  6:53  SCV  
  97  6:59  SCV x2  
  97  7:00  Infernal Pre-Igniter  
  97  7:01  Hellion x2  
  104  7:08  SCV  
  104  7:09  Supply Depot  
  104  7:11  SCV  
  105  7:17  Battlecruiser  
  105  7:22  Hellion x2  
  115  7:27  SCV  
  116  7:32  Cyclone x2  
  122  7:38  SCV x2  
  122  7:40  Supply Depot  
  122  7:41  Factory  
  124  7:44  Engineering Bay  
  124  7:45  Supply Depot  
  124  7:46  Factory  
  124  7:54  Command Center, Supply Depot x2  
  124  7:57  Armory x2  
  124  8:02  Hellion x2  
  124  8:05  SCV  
  128  8:20  SCV  
Show
View Real Time Build Order
Export as new Build Order

Ukko Zerg 

Build Orders: Hatch First 

Get SALT Encoding   

  12  0:00  Drone  
  13  0:12  Overlord  
  13  0:16  Drone  
  14  0:30  Drone x2  
  16  0:47  Hatchery  
  15  0:50  Drone  
  15  0:53  Drone  
  17  0:57  Drone  
  18  1:07  Extractor  
  17  1:12  Spawning Pool  
  17  1:15  Drone  
  17  1:19  Drone  
  18  1:29  Drone  
  19  1:38  Drone  
  20  1:59  Queen x2  
  20  2:00  Zergling x6  
  27  2:11  Drone, Overlord  
  28  2:22  Hatchery  
  27  2:26  Drone  
  28  2:32  Drone x2  
  28  2:33  Drone  
  31  2:41  Queen  
  33  2:45  Metabolic Boost  
  33  2:50  Overlord  
  33  2:54  Drone  
  33  2:55  Drone  
  33  2:58  Drone  
  36  3:04  Overlord  
  35  3:10  Drone  
  36  3:14  Drone x3  
  36  3:17  Drone x2  
  36  3:18  Drone x2  
  43  3:24  Queen  
  45  3:30  Queen  
  47  3:35  Queen  
  47  3:38  Overlord  
  47  3:41  Drone  
  50  3:45  Drone x2  
  50  3:46  Drone  
  53  3:51  Drone x4  
  57  4:00  Queen  
  59  4:04  Overlord  
  59  4:05  Queen  
  61  4:12  Overlord  
  61  4:22  Queen  
  63  4:25  Zergling x4  
  63  4:31  Overlord x2  
  65  4:46  Zergling x2  
  65  4:47  Overlord x4  
  65  4:49  Overlord, Lair  
  65  4:51  Zergling x10  
  68  4:54  Drone x4  
  68  4:57  Zergling x2  
  71  5:02  Drone  
  71  5:03  Drone  
  71  5:05  Drone  
  72  5:14  Baneling Nest  
  72  5:16  Drone x3  
  72  5:18  Queen  
  76  5:21  Hatchery  
  76  5:22  Drone x4  
  76  5:26  Drone x3  
  82  5:35  Extractor  
  81  5:36  Drone x3  
  81  5:37  Extractor  
  81  5:38  Extractor, Evolution Chamber  
  81  5:39  Evolution Chamber  
  80  5:49  Queen x2  
  78  5:53  Spore Crawler  
  78  5:54  Queen  
  78  5:55  Zergling x8  
  79  6:02  Drone x2  
  77  6:09  Drone x3  
  76  6:15  Drone x2  
  66  6:25  Queen  
  63  6:26  Spore Crawler  
  63  6:28  Spore Crawler  
  63  6:33  Queen  
  63  6:36  Queen  
  68  6:40  Drone x2  
  68  6:41  Drone  
  68  6:43  Drone  
  68  6:45  Drone x2  
  68  6:46  Drone  
  74  6:48  Drone  
  74  6:52  Drone x4  
  79  6:56  Drone, Spore Crawler  
  79  6:57  Drone  
  79  6:58  Drone  
  81  7:04  Drone x5  
  85  7:23  Zergling x26  
  97  7:30  Drone x3  
  97  7:33  Drone  
  98  7:45  Drone x7  
  98  7:49  Roach Warren  
  98  7:50  Drone  
  98  7:51  Drone x2  
  106  7:56  Drone  
  106  7:57  Baneling x6  
  106  7:58  Baneling x3  
  108  8:00  Queen  
  108  8:08  Zergling x14  
  108  8:12  Zergling x8  
  115  8:19  Zergling x6  
Tags
 
Add a new tag
Caveats
  • Supply blocks, unpowered buildings, or Contaminate may cause inaccurate times.
  • Supply counts are checked every 10 seconds.